[Event "*** Titled Tuesday 3|2 Blitz"]
[Site "Chess.com"]
[Date "2016.05.03"]
[Round "5"]
[White "Fariasov-inactive"]
[Black "Ksenia_Legenko"]
[Result "1-0"]
[WhiteElo "2183"]
[BlackElo "2025"]
[TimeControl "180+2"]
[EndTime "11:56:52 PDT"]
[Termination "Fariasov-inactive won by checkmate"]

1. c4 e6 2. Nc3 d5 3. cxd5 exd5 4. d4 Nf6 5. Bg5 Be7 6. Qc2 c6 7. e3 g6 8. Bd3 O-O 9. Nge2 Re8 10.
O-O Nbd7 11. f3 Bf8 12. e4 Qb6 13. Kh1 h6 14. Bxf6 Nxf6 15. e5 Nh5 16. Bxg6 Ng7 17.
Bd3 Kh8 18. f4 c5 19. Nxd5 Qd8 20. Nf6 Re6 21. Bc4 Rc6 22. Qh7# 1-0

[Event "*** Titled Tuesday 3|2 Blitz"]
[Site "Chess.com"]
[Date "2016.05.03"]
[Round "5"]
[White "Gevorg_Harutjunyan"]
[Black "exoticprincess"]
[Result "1/2-1/2"]
[WhiteElo "2614"]
[BlackElo "2805"]
[TimeControl "180+2"]
[EndTime "11:57:15 PDT"]
[Termination "Game drawn by repetition"]

1. e4 c6 2. d4 d5 3. Nd2 dxe4 4. Nxe4 Bf5 5. Ng3 Bg6 6. h4 h6 7. Nf3 Nd7 8. h5 Bh7 9. Bd3 Bxd3 10. Qxd3 e6 11. Bf4 Ngf6 12. O-O-O Be7 13. Ne4 Nxe4 14. Qxe4 Nf6 15. Qe2 Qd5 16. c4 Qe4 17. Qxe4 Nxe4 18. Be3 Nf6 19. Ne5 Rd8 20. f3 Nd7 21. g4 Bd6 22. f4 Nf6 23. Rhg1 Ke7 24. Kc2 Bc7 25. b3 Bb6 26. Rd3 Nd7 27. Nf3 Nf6 28. Ne5 Nd7 29. Nf3 Nf6 30. Ne5 1/2-1/2

[Event "*** Titled Tuesday 3|2 Blitz"]
[Site "Chess.com"]
[Date "2016.05.03"]
[Round "5"]
[White "MinhGTrAn"]
[Black "vovkcoach"]
[Result "1-0"]
[WhiteElo "2632"]
[BlackElo "2523"]
[TimeControl "180+2"]
[EndTime "11:57:54 PDT"]
[Termination "MinhGTrAn won by checkmate"]

1. d4 Nf6 2. c4 e6 3. Nc3 Bb4 4. e3 c5 5. Ne2 cxd4 6. exd4 O-O 7. a3 Be7 8. Nf4 d5 9. Be3 Nc6 10. h3 dxc4 11. Bxc4 e5 12. dxe5 Nxe5 13. Bb3 b6 14. O-O Ba6 15. Re1 Nd3 16. Nxd3 Bxd3 17. Qf3 Bg6 18. Rad1 Qc8 19. Bd4 Re8 20. Ba4 Bh5 21. g4 Nxg4 22. hxg4 Bxg4 23. Qg2 Bxd1 24. Qxg7# 1-0

[Event "*** Titled Tuesday 3|2 Blitz"]
[Site "Chess.com"]
[Date "2016.05.03"]
[Round "5"]
[White "YaWaleriy"]
[Black "Aygehovit1992"]
[Result "0-1"]
[WhiteElo "2182"]
[BlackElo "2486"]
[TimeControl "180+2"]
[EndTime "11:58:02 PDT"]
[Termination "Aygehovit1992 won by resignation"]

1. d4 Nf6 2. c4 g6 3. Nc3 d5 4. cxd5 Nxd5 5. e4 Nxc3 6. bxc3 Bg7 7. Bc4 c5 8. Ne2 O-O 9. O-O Nc6 10. Be3 Bg4 11.
f3 Bd7 12. Qd2 Qa5 13. Rfd1 Rac8 14. Rab1 b6 15. Bd3 cxd4 16. cxd4 Qxd2 17. Rxd2 Na5 18. Kf2 Nc4 19. Bxc4 Rxc4 20. Rc1 Rfc8 21. Rxc4 Rxc4 22. d5 Kf8 23. Nd4 Ke8 24. Rc2 Rxc2+ 25. Nxc2 e5 26. Ke2 f5 27. Kd2 f4 28. Bf2 Bf8 29. g3 g5 30. gxf4 gxf4 31. Ne1 Bb4+ 32. Kc2 Ba4+ 33. Kb2 Bd1 34. Kc1 Bxe1 35. Bxe1 Bxf3 36. Bh4 Bxe4 37.
Bf6 Bxd5 38. Bxe5 f3 39. Bd4 Bxa2 0-1

[Event "*** Titled Tuesday 3|2 Blitz"]
[Site "Chess.com"]
[Date "2016.05.03"]
[Round "5"]
[White "Badouuu"]
[Black "Iball95"]
[Result "0-1"]
[WhiteElo "2001"]
[BlackElo "2490"]
[TimeControl "180+2"]
[EndTime "11:58:03 PDT"]
[Termination "Iball95 won by resignation"]

1. e4 e6 2. d4 d5 3. Nd2 Nc6 4. c3 e5 5. exd5 Qxd5 6. dxe5 Nxe5 7. Ngf3 Nf6 8. Qe2 Bd6 9. Nxe5 Qxe5 10. Qxe5+ Bxe5 11. Bd3 O-O 12. O-O Rd8 13. Bc2 Be6 14. Nf3 Bd6 15. Bg5 a5 16. Nd4 Bd5 17. Bb3 Be4 18.
Rfe1 Bg6 19. Nb5 a4 20. Bc4 c6 21. Nxd6 Rxd6 22. Re7 b5 23. Bf1 h6 24. Bf4 Rd7 25.
Rae1 Rxe7 26. Rxe7 Nd5 27. Bd6 Nxe7 28. Bxe7 Re8 29.
Ba3 Re1 30. f3 Bd3 0-1

[Event "*** Titled Tuesday 3|2 Blitz"]
[Site "Chess.com"]
[Date "2016.05.03"]
[Round "5"]
[White "CraiggoryC"]
[Black "Rickstereo"]
[Result "0-1"]
[WhiteElo "2092"]
[BlackElo "2197"]
[TimeControl "180+2"]
[EndTime "11:59:08 PDT"]
[Termination "Rickstereo won by resignation"]

1. e4 c5 2. Nf3 Nc6 3. c3 d5 4. Bb5 Nf6 5. e5 Nd7 6. O-O e6 7. d4 Be7 8. Nbd2 Qb6 9. a4 cxd4 10.
Bxc6 bxc6 11. a5 Qc7 12. cxd4 Ba6 13. Re1 c5 14. Qa4 O-O 15. dxc5 Nxc5 16. Qg4 Nd3 17. Rd1 Bc5 18. Nb3 Nxf2 19. Qh5 Nxd1+ 0-1

[Event "*** Titled Tuesday 3|2 Blitz"]
[Site "Chess.com"]
[Date "2016.05.03"]
[Round "5"]
[White "Ginger_GM"]
[Black "yian123"]
[Result "1-0"]
[WhiteElo "2556"]
[BlackElo "2424"]
[TimeControl "180+2"]
[EndTime "11:59:09 PDT"]
[Termination "Ginger_GM won by resignation"]

1. e4 e5 2. f4 exf4 3. Bc4 Ne7 4. Nc3 Ng6 5. Nf3 Be7 6. O-O c6 7. d4 O-O 8. Ne5 Nxe5 9. dxe5 Bg5 10. Bxf4 b5 11. Bb3 a5 12. Qh5 Bxf4 13. Rxf4 g6 14.
Qh6 a4 15. Rh4 Qxh4 16. Qxh4 axb3 17. cxb3 d6 18. exd6 Be6 19. e5 Nd7 20. Ne4 h5 21.
Qg5 Bd5 22. Ng3 Rae8 23. Re1 Kh7 24. Nxh5 gxh5 25. Qxh5+ Kg7 26. Qg5+ Kh7 27. Re3 1-0

[Event "*** Titled Tuesday 3|2 Blitz"]
[Site "Chess.com"]
[Date "2016.05.03"]
[Round "5"]
[White "Spas_Kozhuharov"]
[Black "severomorskij"]
[Result "0-1"]
[WhiteElo "2481"]
[BlackElo "2605"]
[TimeControl "180+2"]
[EndTime "11:59:13 PDT"]
[Termination "severomorskij won by resignation"]

1. d4 Nf6 2. c4 e6 3. Nc3 Bb4 4. Qc2 d5 5. cxd5 exd5 6. Bg5 c5 7. a3 Bxc3+ 8. bxc3 cxd4 9. cxd4 Nc6 10. Nf3 O-O 11. e3 Qa5+ 12. Qd2 Ne4 13. Qxa5 Nxa5 14. Be7 Re8 15. Bb4 Nc4 16. a4 a5 17. Bd2 Bf5 18.
Bxc4 dxc4 19. Ne5 c3 20. Bc1 Rac8 21. f3 Nd6 22. e4 f6 23. Nd3 Nxe4 24. fxe4 Bxe4 25.
Nf2 Bxg2+ 26. Kd1 Bf3+ 0-1

[Event "*** Titled Tuesday 3|2 Blitz"]
[Site "Chess.com"]
[Date "2016.05.03"]
[Round "5"]
[White "crisfoisor"]
[Black "Kawhi_Leonard2"]
[Result "1-0"]
[WhiteElo "2210"]
[BlackElo "2069"]
[TimeControl "180+2"]
[EndTime "11:59:20 PDT"]
[Termination "crisfoisor won by resignation"]

1. d4 Nf6 2. c4 e6 3. Nc3 Bb4 4.
Qc2 Nc6 5. Nf3 O-O 6. Bd2 d6 7.
a3 Bxc3 8. Bxc3 a5 9. g3 a4 10.
Bg2 Qe7 11. O-O e5 12. d5 Nb8 13. e4 Nbd7 14. Ne1 Re8 15. Nd3 b6 16. Rae1 Nc5 17. Nxc5 bxc5 18. f4 exf4 19. gxf4 Ba6 20. Qxa4 Nd7 21.
Qc2 Bxc4 22. Rf3 Ba6 23. Rg3 g6 24. e5 Qh4 25. Qf2 Nb6 26. Rxg6+ 1-0

[Event "*** Titled Tuesday 3|2 Blitz"]
[Site "Chess.com"]
[Date "2016.05.03"]
[Round "5"]
[White "Makalexa"]
[Black "FLchessplayer"]
[Result "1-0"]
[WhiteElo "2082"]
[BlackElo "2070"]
[TimeControl "180+2"]
[EndTime "11:59:31 PDT"]
[Termination "Makalexa won by resignation"]

1. e4 c5 2. Nf3 d6 3. d4 cxd4 4. Nxd4 Nf6 5. Nc3 g6 6. Be3 Bg7 7.
f3 O-O 8. Qd2 Nc6 9. O-O-O d5 10.
Kb1 e6 11. g4 Bd7 12. g5 Nh5 13. exd5 Nxd4 14. Bxd4 Bxd4 15. Qxd4 Qxg5 16. Rg1 Qf4 17. Qc5 Rfc8 18. Qe7 Qxh2 19. Bd3 Be8 20. dxe6 Qf4 21. Nd5 Qxf3 22. Nc7 Rxc7 23. Qxc7 fxe6 24. Rdf1 Qc6 25. Qe7 Bd7 26. Bxg6 1-0

[Event "*** Titled Tuesday 3|2 Blitz"]
[Site "Chess.com"]
[Date "2016.05.03"]
[Round "5"]
[White "Usurpov"]
[Black "SabinaFoisor"]
[Result "1-0"]
[WhiteElo "2340"]
[BlackElo "2181"]
[TimeControl "180+2"]
[EndTime "11:59:47 PDT"]
[Termination "Usurpov won by checkmate"]

1. e4 e5 2. Nf3 Nc6 3. Nc3 Nf6 4.
d4 exd4 5. Nxd4 Bc5 6. Nxc6 bxc6 7. Bd3 O-O 8. O-O h6 9. e5 Nd5 10. Qh5 Nb4 11. Ne4 Nxd3 12. cxd3 Be7 13. f4 d5 14. Ng3 Ba6 15. Rf3 f6 16. e6 Qd6 17.
Nf5 Qxe6 18. Nxh6+ gxh6 19. Qg6+ Kh8 20. Qxh6+ Kg8 21.
Rg3+ Kf7 22. Qg6# 1-0

[Event "*** Titled Tuesday 3|2 Blitz"]
[Site "Chess.com"]
[Date "2016.05.03"]
[Round "5"]
[White "wonderfultime"]
[Black "Aguiar94"]
[Result "1-0"]
[WhiteElo "2601"]
[BlackElo "2393"]
[TimeControl "180+2"]
[EndTime "11:59:53 PDT"]
[Termination "wonderfultime won by resignation"]

1. d4 Nf6 2. c4 e6 3. Nf3 b6 4. a3 Ba6 5. Qc2 Bb7 6. Nc3 c5 7. dxc5 bxc5 8. Bg5 Be7 9. e3 O-O 10.
Be2 d6 11. O-O Nbd7 12. Rfd1 h6 13. Bh4 a6 14. h3 Qb6 15. Nd2 Rac8 16. Bf1 Rfe8 17.
Bg3 Red8 18. Rab1 Ne8 19. b4 cxb4 20. axb4 f5 21. Qa2 Bf6 22. c5 dxc5 23. Nc4 Qa7 24. Na5 c4 25. Bxc4 Nf8 26. Bxe6+ Nxe6 27. Qxe6+ Kh8 28. Rxd8 Rxd8 29. Qf7 Bxc3 30. Nxb7 Ra8 31. Qf8+ Kh7 32. Qxf5+ Kh8 33. Qf3 Rc8 34. Qf8+ 1-0

[Event "*** Titled Tuesday 3|2 Blitz"]
[Site "Chess.com"]
[Date "2016.05.03"]
[Round "5"]
[White "YuriyKrykun"]
[Black "ArnaudovP"]
[Result "0-1"]
[WhiteElo "2287"]
[BlackElo "2410"]
[TimeControl "180+2"]
[EndTime "11:59:55 PDT"]
[Termination "ArnaudovP won by resignation"]

1. Nf3 Nf6 2. g3 d5 3. Bg2 e6 4. c4 Be7 5. d4 O-O 6. O-O dxc4 7. Qa4 a6 8. Qxc4 b5 9. Qc2 Bb7 10. Bf4 c5 11. dxc5 Be4 12. Qc1 Nc6 13. Rd1 Qc8 14.
Nbd2 Bd5 15. Nb3 a5 16. Qc2 a4 17. Nbd4 Nxd4 18. Nxd4 Bxc5 19. Bxd5 Nxd5 20. Rac1 Bxd4 21. Rxd4 Qxc2 22. Rxc2 Rac8 23. Rxc8 Rxc8 24. Bd2 f5 25. e4 fxe4 26. Rxe4 Rc2 27. Bc3 a3 28. Bxg7 Kxg7 29. bxa3 Kf7 30. Rh4 Kg6 31. Rg4+ Kf6 32. Rh4 Rxa2 33.
Rxh7 Rxa3 34. Rb7 b4 35. h4 Rc3 36. Kf1 b3 37. Ke2 Rc2+ 38. Kd3 Rxf2 39. Rxb3 Rf3+ 40. Kc2 Rxb3 41. Kxb3 Ne3 0-1

[Event "*** Titled Tuesday 3|2 Blitz"]
[Site "Chess.com"]
[Date "2016.05.03"]
[Round "5"]
[White "Yaacovn"]
[Black "Gergo85"]
[Result "1-0"]
[WhiteElo "2563"]
[BlackElo "2430"]
[TimeControl "180+2"]
[EndTime "12:00:02 PDT"]
[Termination "Yaacovn won by resignation"]

1. d4 f5 2. Nf3 Nf6 3. g3 g6 4. Bg2 Bg7 5. O-O O-O 6. c4 d6 7. b3 c6 8. Bb2 Na6 9. Nc3 Qc7 10.
d5 e5 11. dxe6 Bxe6 12. Nd4 Bf7 13. Qd2 Rad8 14. Rad1 Rfe8 15. e3 Nc5 16. Qc2 a5 17. a3 Ng4 18. Rfe1 Ne5 19. Nde2 Qb6 20. Nc1 a4 21.
Nxa4 Nxa4 22. Bxe5 Rxe5 23. bxa4 Re7 24. Nb3 Red7 25. a5 Qc7 26. Rd2 b6 27. axb6 Qxb6 28. Red1 Qa6 29. Nc5 Qxc4 30. Qxc4 Bxc4 31. Nxd7 Rxd7 32.
Rxd6 Ra7 33. Rxc6 Bb3 34. Bd5+ Bxd5 35. Rxd5 1-0

[Event "*** Titled Tuesday 3|2 Blitz"]
[Site "Chess.com"]
[Date "2016.05.03"]
[Round "5"]
[White "Inopov"]
[Black "ZEN-22"]
[Result "1-0"]
[WhiteElo "2451"]
[BlackElo "2399"]
[TimeControl "180+2"]
[EndTime "12:00:04 PDT"]
[Termination "Inopov won by resignation"]

1. d4 Nf6 2. c4 d6 3. Nc3 Bf5 4.
g3 e5 5. Bg2 exd4 6. Qxd4 Nc6 7. Qd2 Be6 8. b3 g6 9. Bb2 Bg7 10. Nf3 O-O 11. O-O d5 12. Ng5 dxc4 13. Qxd8 Raxd8 14. Nxe6 fxe6 15. bxc4 Rd2 16. Ba3 Rfd8 17. Rab1 Na5 18. Be7 Re8 19. Bxf6 Bxf6 20. Ne4 Bg5 21. Nxg5 b6 22. Ne4 Rxa2 23. Nf6+ Kf7 24. Nxe8 Kxe8 25. e3 c5 26. Rfc1 Ke7 27. Ra1 Rb2 28. Bf1 g5 29.
Rcb1 Rc2 30. Rxa5 bxa5 31. Rb7+ Kf6 32. Rxa7 Ra2 33. Rc7 a4 34. Rxc5 Ra1 35. Ra5 h5 36. h4 gxh4 37. gxh4 Kg6 38. c5 a3 39. c6 Rc1 40.
Rxa3 Rxc6 41. Ra6 Rc1 42. Rxe6+ Kf5 43. Rh6 Kg4 44. Rg6+ Kxh4 45. Rd6 Re1 46. Kg2 Kg5 47. Rd5+ Kh4 48. Rd4+ Kg5 49. Bc4 Rc1 50. Be2 Rc5 51. Bf3 Rc3 52. Rd5+ Kg6 53. Rxh5 Rc8 54. Ra5 Rg8 55.
Bg4 Kh6 56. Kg3 Rf8 57. f4 Re8 58. Re5 Rb8 59. e4 Rb1 60. Re6+ Kg7 61. e5 Rg1+ 62. Kh4 Rg3 63. Kxg3 1-0

[Event "*** Titled Tuesday 3|2 Blitz"]
[Site "Chess.com"]
[Date "2016.05.03"]
[Round "5"]
[White "Zurability"]
[Black "alturas_pacificas"]
[Result "1-0"]
[WhiteElo "2422"]
[BlackElo "2180"]
[TimeControl "180+2"]
[EndTime "12:00:20 PDT"]
[Termination "Zurability won by resignation"]

1. e4 c6 2. d4 d5 3. e5 c5 4.
c4 e6 5. Nf3 Ne7 6. Nc3 dxc4 7.
Bxc4 cxd4 8. Qxd4 Qxd4 9. Nxd4 Nec6 10. Nxc6 Nxc6 11. Bf4 Bb4 12. Rc1 O-O 13. O-O Rd8 14. a3 Be7 15. Rfd1 Bd7 16. b4 a6 17. Ne4 Be8 18. Nd6 Bxd6 19. exd6 Rd7 20. Be3 Rc8 21. Be2 f6 22. Bb6 Bf7 23. Bc7 Kf8 24. Bf3 Nd8 25. Bb6 Rxc1 26. Rxc1 Ke8 27. Bc7 g6 28. a4 e5 29. b5 axb5 30. axb5 f5 31. Ra1 e4 32. Be2 Bd5 33. Ra8 Be6 34. b6 Bd5 35. Bb5 Bc6 36.
Bxc6 bxc6 37. b7 1-0

[Event "*** Titled Tuesday 3|2 Blitz"]
[Site "Chess.com"]
[Date "2016.05.03"]
[Round "5"]
[White "jcibarra"]
[Black "Sophiste2"]
[Result "0-1"]
[WhiteElo "2537"]
[BlackElo "2777"]
[TimeControl "180+2"]
[EndTime "12:00:26 PDT"]
[Termination "Sophiste2 won by resignation"]

1. e4 c5 2. Nf3 d6 3. d4 cxd4 4. Nxd4 Nf6 5. Nc3 e5 6. Nf3 h6 7.
Bc4 Be7 8. O-O O-O 9. Nh4 Kh8 10. Qf3 Nc6 11. Qd3 Na5 12. Bb3 Nxb3 13. axb3 Be6 14.
Rd1 a6 15. Nf5 Bxf5 16. exf5 Rc8 17. Ne4 d5 18. Nxf6 Bxf6 19. Qxd5 Qxd5 20. Rxd5 Rxc2 21.
Rd7 Rd8 22. Rxd8+ Bxd8 23. Be3 Rxb2 24. Rd1 Bg5 25. Bxg5 hxg5 26. h4 gxh4 27. Rd3 Kh7 28. f3 Kh6 29. Rd6+ f6 30. Rb6 a5 31. Rxb7 a4 32. b4 h3 33. Kh2 hxg2 34. b5 a3 35. Ra7 a2 36. b6 Rb1 0-1

[Event "*** Titled Tuesday 3|2 Blitz"]
[Site "Chess.com"]
[Date "2016.05.03"]
[Round "5"]
[White "FearNoEvil12"]
[Black "Stameny"]
[Result "0-1"]
[WhiteElo "1911"]
[BlackElo "2379"]
[TimeControl "180+2"]
[EndTime "12:00:32 PDT"]
[Termination "Stameny won by resignation"]

1. Nf3 c5 2. c4 Nc6 3. Nc3 Nf6 4. e3 d6 5. d4 Bd7 6. Be2 g6 7. O-O Bg7 8. b3 O-O 9. Bb2 a6 10. Rc1 Rb8 11. h3 Qa5 12. Qd2 Rfc8 13. a3 h5 14. Rfd1 Bh6 15. dxc5 dxc5 16. Nd5 Qxd2 17.
Nxf6+ exf6 18. Rxd2 Be6 19. Bxf6 Na5 20. Rb1 b5 21. cxb5 axb5 22. Ng5 Bxg5 23. Bxg5 Nxb3 24. Rdb2 c4 25. Bf6 Rb7 26. Rc2 Ra7 27. Bb2 Bf5 28. Bd1 Bxc2 29. Bxc2 Rd8 30. Rd1 Rxd1+ 31. Bxd1 Rd7 32.
Bxb3 cxb3 33. Bc3 Rd3 34. Bf6 Rd2 0-1

[Event "*** Titled Tuesday 3|2 Blitz"]
[Site "Chess.com"]
[Date "2016.05.03"]
[Round "5"]
[White "hellokostya"]
[Black "UltimateCrusher2"]
[Result "1-0"]
[WhiteElo "2257"]
[BlackElo "2085"]
[TimeControl "180+2"]
[EndTime "12:00:34 PDT"]
[Termination "hellokostya won by resignation"]

1. d4 b6 2. e4 Bb7 3. Nd2 e6 4. Ngf3 c5 5. c3 Nf6 6. Bd3 Be7 7. O-O d5 8. e5 Nfd7 9. Re1 Ba6 10. Bb1 Nc6 11.
a3 c4 12. Nf1 Na5 13. Bc2 Qc7 14.
Ng3 O-O-O 15. Bg5 Rde8 16. Bxe7 Rxe7 17. Nh5 g6 18. Nf6 Nxf6 19. exf6 Ree8 20. Ne5 Ref8 21. Re3 Nc6 22. f4 Nxe5 23. fxe5 Bb5 24. a4 Bd7 25. b3 cxb3 26. Bxb3 Kb7 27. Rc1 Rc8 28. c4 dxc4 29. Rec3 Bc6 30. Rxc4 Qd7 31. Qc2 h5 32. a5 b5 33. a6+ Kb8 34. Rxc6 Rxc6 35. Qxc6 Qxc6 36. Rxc6 Rc8 37. Rxc8+ Kxc8 38. Bxe6+ 1-0

[Event "*** Titled Tuesday 3|2 Blitz"]
[Site "Chess.com"]
[Date "2016.05.03"]
[Round "5"]
[White "ChadaevNikolay"]
[Black "hypert"]
[Result "1-0"]
[WhiteElo "2555"]
[BlackElo "2351"]
[TimeControl "180+2"]
[EndTime "12:00:37 PDT"]
[Termination "ChadaevNikolay won by resignation"]

1. d4 Nf6 2. c4 e6 3. Nf3 d5 4. Nc3 Bb4 5. Bg5 Nbd7 6. e3 c5 7. cxd5 exd5 8. Bd3 Qa5 9. Qc2 O-O 10. O-O h6 11.
Bh4 c4 12. Bf5 Bxc3 13. bxc3 Nb6 14. Bxc8 Raxc8 15. Bxf6 gxf6 16. Nh4 Qa4 17. Qf5 Qc6 18. Qh5 f5 19. Nxf5 Qf6 20. Nxh6+ Kg7 21. Nf5+ Kg8 22.
f4 Rfe8 23. Rf3 Re6 24. Rg3+ Kf8 25. Qh7 Ke8 26. Ng7+ Ke7 27. Nxe6 Qxe6 28. f5 Qf6 29. Rf1 Na4 30. e4 dxe4 31. Rf4 Nxc3 32. Rxc3 Rh8 33. Rxe4+ Kd7 34. Qxh8 Qxh8 35. Rxc4 Qh5 36. g4 Qh3 37.
Rc2 b5 38. Rce2 Qd3 39. Kg2 a5 40. h4 b4 41. h5 Qa6 42. Re7+ Kd6 43. R2e6+ 1-0

[Event "*** Titled Tuesday 3|2 Blitz"]
[Site "Chess.com"]
[Date "2016.05.03"]
[Round "5"]
[White "ShimanovAlex"]
[Black "ZivkovicN"]
[Result "1-0"]
[WhiteElo "2653"]
[BlackElo "2385"]
[TimeControl "180+2"]
[EndTime "12:00:39 PDT"]
[Termination "ShimanovAlex won by resignation"]

1. d4 Nf6 2. Nf3 e6 3. Bf4 c5 4.
e3 Nc6 5. Nbd2 d5 6. c3 Bd6 7. Bg3 O-O 8. Bd3 Qe7 9. Ne5 Nd7 10. Nxd7 Bxd7 11. Bxd6 Qxd6 12. dxc5 Qxc5 13. Bxh7+ Kxh7 14. Qh5+ Kg8 15. Ne4 g6 16. Nxc5 gxh5 17. Nxd7 Rfd8 18. Nf6+ Kf8 19. Nxh5 b5 20. O-O a5 21. a3 Rdc8 22. Nf4 Ne5 23. Rfd1 Ke7 24. Nd3 Nc4 25. a4 bxa4 26. Rxa4 Rab8 27. Ra2 Rb3 28. h4 a4 29.
Rxa4 Nxb2 30. Ra7+ Kf6 31. Nxb2 Rxb2 32. Rd4 e5 33.
Rxd5 Rxc3 34. Rd6+ Kg7 35. Rd1 Rcc2 36. Rf1 Kg6 37.
g3 e4 38. Ra5 f5 39. Ra6+ Kg7 40. Kg2 Re2 41. Kg1 Kf7 42. h5 Kg7 43. Rg6+ Kf7 44. g4 fxg4 45. Rxg4 Rb4 46. Kg2 Rc2 47. h6 1-0

[Event "*** Titled Tuesday 3|2 Blitz"]
[Site "Chess.com"]
[Date "2016.05.03"]
[Round "5"]
[White "Krasimir_Rusev"]
[Black "chito89"]
[Result "0-1"]
[WhiteElo "2496"]
[BlackElo "2656"]
[TimeControl "180+2"]
[EndTime "12:00:39 PDT"]
[Termination "chito89 won by checkmate"]

1. d4 Nf6 2. Bg5 d5 3. Bxf6 gxf6 4. c4 dxc4 5. e3 c5 6. Bxc4 cxd4 7. Nf3 Nc6 8. exd4 Bg7 9. h3 O-O 10. Nc3 f5 11.
O-O Nxd4 12. Nxd4 Qxd4 13. Qb3 e6 14. Rad1 Qc5 15. Rd3 b6 16. Rfd1 Bb7 17. Rd7 Bc6 18. Bxe6 fxe6 19. Qxe6+ Kh8 20. Rc7 Rf6 21. Qe2 Rg6 22.
g4 fxg4 23. hxg4 Bxc3 24. bxc3 Rag8 25. Rd4 Qxd4 26. cxd4 Rxg4+ 27. Kh2 Rh4# 0-1

[Event "*** Titled Tuesday 3|2 Blitz"]
[Site "Chess.com"]
[Date "2016.05.03"]
[Round "5"]
[White "Danirod"]
[Black "Colombiano07"]
[Result "0-1"]
[WhiteElo "2411"]
[BlackElo "2264"]
[TimeControl "180+2"]
[EndTime "12:00:41 PDT"]
[Termination "Colombiano07 won by resignation"]

1. e4 c5 2. Nf3 Nc6 3. c3 d5 4. exd5 Qxd5 5. d4 e6 6. Na3 Qd8 7. Nc2 Nf6 8. Bd3 b6 9. O-O Bb7 10. Qe2 Be7 11. dxc5 Bxc5 12. Bg5 h6 13. Bh4 Be7 14.
Rad1 Qc8 15. Ncd4 Nxd4 16. Nxd4 O-O 17. Rfe1 Re8 18. Bb5 Rd8 19. Nf5 exf5 20. Qxe7 Rxd1 21. Rxd1 Nd5 22. Qd6 Qe6 23. Bg3 f4 24. Bxf4 Qg4 25.
f3 Qxf4 26. Rxd5 Qe3+ 27. Kf1 Bxd5 28. Qxd5 Rf8 29. Qd1 Qe5 30. Qe2 Qxh2 31. b4 Qc7 32. c4 Rd8 33. a4 Qd6 34. Qb2 Qd1+ 0-1

[Event "*** Titled Tuesday 3|2 Blitz"]
[Site "Chess.com"]
[Date "2016.05.03"]
[Round "5"]
[White "Izoria123"]
[Black "Zazuliak"]
[Result "1/2-1/2"]
[WhiteElo "2605"]
[BlackElo "2379"]
[TimeControl "180+2"]
[EndTime "12:00:55 PDT"]
[Termination "Game drawn by agreement"]

1. e4 c5 2. Nf3 g6 3. c3 Bg7 4.
d4 cxd4 5. cxd4 d5 6. e5 Bg4 7. Bb5+ Nc6 8. O-O Rc8 9. Qb3 Bxf3 10. Qxf3 e6 11. Bxc6+ Rxc6 12. Nc3 a6 13. Ne2 Ne7 14. Bg5 O-O 15. Rac1 Qd7 16. Bxe7 Qxe7 17. Rxc6 bxc6 18. Qc3 Rc8 19. Rc1 f6 20. exf6 Bxf6 21. g3 e5 22.
dxe5 Qxe5 23. Qd3 Qxb2 24. Rb1 Qxa2 25. Nf4 Qc4 26. Qe3 Qe4 27. Qb3 Be5 28. Nd3 Bd4 1/2-1/2

[Event "*** Titled Tuesday 3|2 Blitz"]
[Site "Chess.com"]
[Date "2016.05.03"]
[Round "5"]
[White "rookoco"]
[Black "cabalista"]
[Result "0-1"]
[WhiteElo "2326"]
[BlackElo "2363"]
[TimeControl "180+2"]
[EndTime "12:00:57 PDT"]
[Termination "cabalista won by resignation"]

1. d4 Nf6 2. Bg5 e6 3. e4 c5 4. e5 h6 5. Bc1 Nh7 6. Nf3 cxd4 7. Bd3 Nc6 8. O-O Ng5 9. Nbd2 d6 10. Qe2 a6 11. Re1 Be7 12. exd6 Qxd6 13. Nc4 Qd8 14.
Nfe5 Nxe5 15. Qxe5 O-O 16. a4 Bf6 17. Qg3 Kh8 18. a5 Bd7 19. Nb6 Bc6 20. Bf4 Re8 21. Bc7 Qe7 22. Bd6 Qd8 23. Nxa8 Qxa8 24. h4 Nh7 25. Be4 Qd8 26. Be5 Bxe4 27. Rxe4 Qd5 28.
Re2 Rc8 29. Rd1 Qxa5 30. Rxd4 Qa1+ 31. Kh2 Bxe5 32. Qxe5 Qxb2 33. Rd8+ Rxd8 34. Qf4 Qf6 35. Qg3 Qe7 36. Re3 Nf6 37. Qf4 Nd5 0-1

[Event "*** Titled Tuesday 3|2 Blitz"]
[Site "Chess.com"]
[Date "2016.05.03"]
[Round "5"]
[White "Schemato"]
[Black "Carolina-moon"]
[Result "0-1"]
[WhiteElo "2204"]
[BlackElo "2045"]
[TimeControl "180+2"]
[EndTime "12:00:57 PDT"]
[Termination "Carolina-moon won by resignation"]

1. c4 f5 2. g3 Nf6 3. Bg2 g6 4. Nc3 Bg7 5. d3 O-O 6. e4 d6 7.
Nge2 Nc6 8. O-O e5 9. Nd5 Ne7 10. Bg5 c6 11. Nxf6+ Bxf6 12. Bxf6 Rxf6 13. Qd2 Qf8 14.
f4 fxe4 15. Bxe4 Bh3 16. Rf2 d5 17. cxd5 cxd5 18. Bg2 Bxg2 19. Kxg2 e4 20. Nc3 Rd8 21. Rd1 Rfd6 22. dxe4 dxe4 23. Qxd6 Rxd6 24. Rxd6 Nf5 25. Re6 e3 26. Rf1 Qb4 27. Nd5 Qd2+ 28. Kh3 Qxd5 29. Re8+ Kf7 30. Re5 Qd7 31. g4 Nh6 32. Rg1 Nxg4 33.
Kg3 Nxe5 34. fxe5 Qd4 0-1

[Event "*** Titled Tuesday 3|2 Blitz"]
[Site "Chess.com"]
[Date "2016.05.03"]
[Round "5"]
[White "Boryboy"]
[Black "rhungaski"]
[Result "1-0"]
[WhiteElo "2513"]
[BlackElo "2462"]
[TimeControl "180+2"]
[EndTime "12:01:02 PDT"]
[Termination "Boryboy won by resignation"]

1. d4 d5 2. Nf3 Nf6 3. c4 dxc4 4. g3 b5 5. Bg2 Bb7 6. a4 a6 7. O-O Nbd7 8. b3 cxb3 9. Qxb3 Bd5 10. Qc2 b4 11.
Nbd2 e6 12. e4 Bb7 13. Bb2 Be7 14. Rfd1 O-O 15. Rac1 c6 16. Nb3 a5 17. Ne1 Qb6 18. Nd3 Rfd8 19. h3 Rac8 20. Rd2 h6 21. Rcd1 Qa7 22. Ne5 Qa8 23. Nc4 c5 24. d5 exd5 25. exd5 Ba6 26. Nbxa5 Rb8 27. Nc6 b3 28. Nxe7+ Kf8 29.
Qc3 Kxe7 30. d6+ Kf8 31. Bxa8 Rxa8 32. Qxb3 Rab8 33. Qc2 Rb4 34. Ne5 Nb6 35. Qxc5 1-0

[Event "*** Titled Tuesday 3|2 Blitz"]
[Site "Chess.com"]
[Date "2016.05.03"]
[Round "5"]
[White "NaziPaiki"]
[Black "GeorgMeier"]
[Result "1-0"]
[WhiteElo "2742"]
[BlackElo "2752"]
[TimeControl "180+2"]
[EndTime "12:01:03 PDT"]
[Termination "NaziPaiki won by resignation"]

1. d4 e6 2. c4 Nf6 3. Nc3 d5 4. Nf3 dxc4 5. e3 a6 6. Bxc4 b5 7.
Bd3 Bb7 8. O-O c5 9. Qe2 Nbd7 10.
Rd1 Qc7 11. e4 cxd4 12. Nxd4 Bc5 13. Nb3 Bd6 14. g3 Rc8 15. Bxb5 O-O 16. Bxd7 Nxd7 17. Qd2 Bb4 18. Qxd7 Qb8 19. Bd2 Rfd8 20. Qa4 Bc6 21. Qxa6 Bxc3 22. Bxc3 Bxe4 23. Rxd8+ Rxd8 24. Qe2 Qa8 25. Qg4 Bg6 26. Rd1 h5 27. Qe2 Rd5 28. a3 Be4 29. Nd2 Bc2 30. Rc1 Bg6 31. Nf3 Bf5 32. Rd1 Bg4 33. Rxd5 Qxd5 34. Qe5 Qd1+ 35. Ne1 f6 36.
Qe4 e5 37. a4 Be6 38. a5 h4 39.
a6 h3 40. a7 1-0

[Event "*** Titled Tuesday 3|2 Blitz"]
[Site "Chess.com"]
[Date "2016.05.03"]
[Round "5"]
[White "Smirnov_Pavel"]
[Black "bugsbunny444"]
[Result "1-0"]
[WhiteElo "2490"]
[BlackElo "2374"]
[TimeControl "180+2"]
[EndTime "12:01:04 PDT"]
[Termination "Smirnov_Pavel won by resignation"]

1. d4 e6 2. c4 b6 3. e4 Bb7 4.
Bd3 Bb4+ 5. Kf1 Be7 6. Nf3 d6 7. Nc3 Nd7 8. g3 Bf6 9. Kg2 Ne7 10. Re1 a6 11. Be3 O-O 12. Kg1 c5 13. d5 Bxc3 14.
bxc3 e5 15. Nh4 Bc8 16. f4 exf4 17. gxf4 Nxd5 18. cxd5 Qxh4 19. Qf3 Re8 20. Bf2 Qf6 21. Qg3 Qxc3 22. e5 Kf8 23. Rac1 Qa3 24. exd6 Nf6 25.
f5 Bd7 26. Rb1 Bb5 27. d7 Nxd7 28. Qd6+ Kg8 29. Bxb5 axb5 30. Rxe8+ Rxe8 31. Qxd7 Ra8 32. Re1 h6 33. Re8+ Kh7 34. Qxf7 Rxe8 35. Qg6+ Kg8 36. Qxe8+ Kh7 37. Qg6+ Kg8 38. f6 Qc1+ 39. Kg2 Qg5+ 40. Qxg5 hxg5 41. d6 1-0